 Dungeon Crawl Stone Soup version 0.30-a0-373-gd37427bb62 (webtiles) character file.

Game seed: 8160471409447194878

64 qeuew the Conjurer (level 3, 0/19 HPs)
             Began as a Deep Elf Conjurer on Nov 24, 2022.
             Was an Initiate of Ashenzari.
             Slain by a worm (10 damage)
             ... on level 3 of the Dungeon.
             The game lasted 00:04:39 (2455 turns).

qeuew the Conjurer (Deep Elf Conjurer)              Turns: 2455, Time: 00:04:40

Health: 0/19       AC:  5    Str:  4    XL:     3   Next: 91%
Magic:  10/10      EV: 13    Int: 22    God:    Ashenzari [......]
Gold:   84         SH:  0    Dex: 15    Spells: 4/10 levels left

rFire   . . .      SeeInvis .    h - +0 dagger
rCold   . . .      Faith    .    (no shield)
rNeg    . . .      Spirit   .    a - +0 robe
rPois   .          Reflect  .    (no helmet)
rElec   .          Harm     .    (no cloak)
rCorr   .          Rampage  .    j - +2 pair of gloves
Will    .....                    (no boots)
Stlth   ++........               (no amulet)
HPRegen 0.23/turn                (no ring)
MPRegen 0.12/turn                (no ring)

@: no status effects
A: no striking features
a: Renounce Religion


You were on level 3 of the Dungeon.
You worshipped Ashenzari.
Ashenzari was noncommittal.
You visited 1 branch of the dungeon, and saw 3 of its levels.

You collected 84 gold pieces.

Inventory:

Hand Weapons
 h - a +0 dagger (weapon)
Missiles
 e - a throwing net
Armour
 a - a +0 robe (worn)
 j - a +2 pair of gloves (worn)
Jewellery
 f - a ring of magical power
Scrolls
 c - a scroll of magic mapping
 g - a scroll of fear
Potions
 b - a potion of magic
 d - 5 potions of heal wounds
 i - a potion of resistance
 k - a potion of degeneration {unknown}
 l - 2 potions of brilliance
 m - a potion of invisibility {unknown}


   Skills:
 + Level 0.9 Short Blades
 + Level 3.1 Dodging
 + Level 3.2 Stealth
 * Level 4.1 Spellcasting
 + Level 4.7 Conjurations


You had 4 spell levels left.
You knew the following spells:

 Your Spells              Type           Power      Damage    Failure   Level
a - Magic Dart            Conj           100%       1d8       1%          1
b - Searing Ray           Conj           50%        2d6       2%          2
c - Dazzling Flash        Conj/Hex       30%        N/A       13%         3

Your spell library contained the following spells:

 Spells                   Type           Power      Damage    Failure   Level
 Summon Small Mammal      Summ           16%        N/A       11%         1
 Call Canine Familiar     Summ           4%         N/A       32%         3
 Summon Guardian Golem    Hex/Summ       4%         N/A       32%         3
 Fulminant Prism          Conj/Hex       7%         3d7       38%         4
 Iskenderun's Mystic Bla  Conj/Tloc      15%        2d5       38%         4


Dungeon Overview and Level Annotations

Branches:
Dungeon (3/15)

Altars:
Ashenzari
Ru

Annotations:
D:3 1 runed translucent door, Encipher's ghost, amateur OpTm


Message History

Found 13 gold pieces.
The bat barely misses you.
Found 7 gold pieces.
Found a stone staircase leading down.
Found a runed translucent door.
The bat attacks as you move away! The bat barely misses you.
Found a pair of gloves and a scroll of immolation.
The bat barely misses you. The bat barely misses you.
The bat attacks as you move away! The bat misses you.
The bat hits you but does no damage. x2
The bat attacks as you move away! The bat hits you but does no damage. x2
The bat attacks as you move away! The bat closely misses you.
The bat hits you but does no damage. x2
The bat barely misses you.
There is a stone staircase leading down here.
The bat barely misses you. The bat hits you but does no damage.
The bat completely misses you. The bat barely misses you.
The bat attacks as you move away! The bat hits you but does no damage.
The bat closely misses you. The bat misses you. The bat misses you.
The bat hits you but does no damage. The bat closely misses you.
The bat hits you but does no damage.
A worm comes into view.
Found Plato's Tractate on Stolen Souls.
Found a faded altar of an unknown god.
The bat attacks as you move away! The bat closely misses you.
The bat barely misses you.
The bat is caught in a web!
Found 5 gold pieces.
You hear the brisk rusting of a drain nearby.
The bat struggles to get unstuck from the web.
The bat pulls away from the web.
The bat barely misses you.
The bat is caught in a web!
The bat struggles to get unstuck from the web.
The bat pulls away from the web.
The bat barely misses you. The worm bites you!
Ouch! That really hurt!
The bat hits you but does no damage. The worm bites you!
Ouch! That really hurt!
You die...

. ##.....###...
#.......##...
#.......###..
#####.......#....
########.............#..
.........^##.....###.###
..........b.#...## #....
..........##.#P..#####..
.......@w^..#.#.........
.#######..##P#.#.#.##...
#..P#.#.#...####. #.._#
#.#.### ##. #..$# #P#.#
#.. #.^## #.#.. #.. .^.
... ..... .^# ...).###.
# ##


You could see a worm and a bat.

Vanquished Creatures
  An adder (D:3)
  A worm (D:2)
  An orc (D:3)
  4 bats
  4 endoplasms
  5 giant cockroaches
  4 goblins
  4 hobgoblins
  2 jackals
  4 kobolds
  3 quokkas
  5 ball pythons
  6 frilled lizards
  5 rats
49 creatures vanquished.

Notes
Turn   | Place    | Note
-------+----------+-------------------------------------------
     0 | D:1      | qeuew the Deep Elf Conjurer began the quest for the Orb.
     0 | D:1      | Reached XP level 1. HP: 10/10 MP: 6/6
   190 | D:1      | Reached XP level 2. HP: 15/15 MP: 5/8
   287 | D:1      | Learned a level 2 spell: Searing Ray
   840 | D:1      | Reached XP level 3. HP: 19/19 MP: 8/10
  1258 | D:2      | Identified the +1 hand axe of the Lost Beasts {freeze,
                  | Fragile rCorr Str+2}
  1648 | D:2      | Learned a level 3 spell: Dazzling Flash
  2166 | D:3      | Found a sacrificial altar of Ru.
  2255 | D:3      | Found a broken altar of Ashenzari.
  2352 | D:3      | Became a worshipper of Ashenzari the Shackled
  2426 | D:3      | Found a runed translucent door.
  2427 | D:3      | Noticed Encipher's ghost (amateur OpTm)
  2449 | D:3      | Found a faded altar of an unknown god.
  2455 | D:3      | Slain by a worm

Illustrated notes

Levels and vault maps discovered:
D:1:      dpeg_arrival_brainrot, layout_basic, nrook_uturn
D:2:      layout_loops_cross, kennysheep_another_room,
          kennysheep_generic_room_13
D:3:      layout_rooms, amethyst_overflow_temple_binary, lemuel_doored_altar,
          nemelex_diamond_rough_becter, nicolae_ashenzari_panopticon,
          portal_sewer_entry_e, shapermc_ecumenical_altar_rom_forum,
          ebering_ghost_inner_flame

Skill      XL: |  1  2  3 |
---------------+----------+-----
Stealth        | 3 |  3.2
Dodging        | 3 |  3.1
Spellcasting   | 4 |  4.1
Short Blades   | |  0.9
Conjurations   | |  4.7

Action                   || total
-------------------------++-------
Melee: Dagger            ||    28
       Punch             ||     1
 Cast: Magic Dart        ||    83
  Use: Scroll            ||    11
       Potion            ||     1
 Stab: Sleeping          ||     1
Armor: Robe              ||    24
Dodge: Dodged            ||    45

Table legend: (Time is in decaauts)
 A = Elapsed time spent in this place.
 B = Non-inter-level travel time spent in this place.
 C = Inter-level travel time spent in this place.
 D = Time resting spent in this place.
 E = Time spent auto-exploring this place.
 F = Levels seen in this place.
 G = Mean time per level.
                   A        B        C        D        E       F      G
               +--------+--------+--------+--------+--------+-----+--------+
         Total |   2454 |   2352 |    102 |    100 |   1810 |   3 |  818.0 |
       Dungeon |   2454 |   2352 |    102 |    100 |   1810 |   3 |  818.0 |
               +--------+--------+--------+--------+--------+-----+--------+

Top non-repeatable levels by time:
     D:1: 1107 daAuts
     D:2: 937 daAuts
     D:3: 409 daAuts
